 Dungeon Crawl Stone Soup version 0.32-a0-128-g77eb882913 (webtiles) character file.

Game seed: 5223179062397926352

32172 AlmostDecent the Frost Mage (level 13, -6/26 HPs)
             Began as a Gnoll Ice Elementalist on Feb 7, 2024.
             Was a High Priest of Vehumet.
             Killed from afar by a rime drake (23 damage)
             ... with an icy flash freeze
             ... on level 4 of the Lair of Beasts on Feb 8, 2024.
             The game lasted 01:17:02 (16875 turns).

AlmostDecent the Frost Mage (GnIE)                 Turns: 16875, Time: 01:17:03

Health: -6/26      AC: 21    Str:  7    XL:     13   Next: 62%
Magic:  27/27      EV: 15    Int: 23    God:    Vehumet [*****.]
Gold:   1493       SH:  6    Dex: 13    Spells: 7/32 levels left

rFire   . . .        J - +11 hand axe of Midnight {speed, Int+3}
rCold   . . .        n - +0 buckler
rNeg    + . .        X - melded +0 steam dragon scales
rPois   ∞            W - +1 hat
rElec   +            f - +2 cloak
rCorr   .            q - melded +0 pair of gloves
SInv    .            a - melded +0 pair of boots
Will    .....        k - amulet of faith
Stlth   ++++         t - ring of wizardry
HPRegen 0.24/turn    B - ring of flight
MPRegen 0.20/turn

%: faith, wizardry (x1)
@: statue-form, flying, very slow
A: slow and powerful, torment resistance 1, reduced hp, fangs 1, strong nose,
distributed training
a: Begin Untransformation, Renounce Religion


You were on level 4 of the Lair of Beasts.
You worshipped Vehumet.
Vehumet was extremely pleased with you.
You were a living statue of rough stone.
You visited 2 branches of the dungeon, and saw 15 of its levels.

You collected 1775 gold pieces.
You spent 282 gold pieces at shops.

Inventory:

Hand Weapons
 p - a +2 longbow of flaming
 s - the +10 mace of Omoirocan {elec, +Blink rC+}
   (You found it on level 2 of the Dungeon)

   rC+:       It protects you from cold.
   +Blink:    It lets you blink.
 J - the +11 hand axe of Midnight (weapon) {speed, Int+3}
   (You bought it in a shop on level 6 of the Dungeon)

   Int+3:     It affects your intelligence (+3).
 Y - a +5 vampiric long sword
Missiles
 g - 2 silver javelins
 A - 5 throwing nets
Armour
 a - a +0 pair of boots (melded)
 f - a +2 cloak (worn)
 n - a +0 buckler (worn)
 q - a +0 pair of gloves (melded)
 H - a +0 troll leather armour
 K - the +0 robe of Tartarus {rElec rPois}
   (You found it on level 8 of the Dungeon)

   rElec:     It insulates you from electricity.
   rPois:     It protects you from poison
 M - a +0 robe of fire resistance
 W - a +1 hat (worn)
 X - +0 steam dragon scales (melded)
Jewellery
 k - an amulet of faith (around neck)
 t - a ring of wizardry (left fist)
 y - a ring of willpower
 B - a ring of flight (right fist)
Talismans
 d - a storm talisman
 w - a beast talisman
 O - a granite talisman (active)
Wands
 N - a wand of iceblast (3)
 R - a wand of flame (23)
Scrolls
 h - 6 scrolls of teleportation
 j - 4 scrolls of immolation
 m - 2 scrolls of revelation
 o - 3 scrolls of vulnerability
 r - 4 scrolls of fear
 x - 3 scrolls of fog {unknown}
 z - 2 scrolls of amnesia
 C - a scroll of blinking {unknown}
 D - 2 scrolls of poison {unknown}
 F - 2 scrolls of noise {unknown}
 P - a scroll of silence {unknown}
 Q - a scroll of butterflies {unknown}
 T - 2 scrolls of enchant armour {unknown}
 U - a scroll of brand weapon {unknown}
Potions
 b - 2 potions of magic
 c - 3 potions of mutation
 e - a potion of resistance {unknown}
 i - a potion of heal wounds
 l - 11 potions of curing
 u - 2 potions of invisibility
 v - 3 potions of enlightenment
 E - 2 potions of might
 G - a potion of cancellation {unknown}
 I - a potion of brilliance {unknown}
 L - 2 potions of haste {unknown}
 S - 2 potions of lignification {unknown}
 V - a potion of degeneration {unknown}


   Skills:
 + Level 8.8 Fighting
 + Level 8.8 Short Blades
 + Level 8.8 Long Blades
 + Level 8.8 Axes
 + Level 8.8 Maces & Flails
 + Level 8.8 Polearms
 + Level 8.8 Staves
 + Level 8.8 Ranged Weapons
 + Level 8.8 Throwing
 + Level 8.8 Armour
 + Level 9.9 Dodging
 + Level 9.8 Stealth
 + Level 8.8 Shields
 + Level 8.8 Unarmed Combat
 + Level 10.1 Spellcasting
 + Level 7.3 Conjurations
 + Level 7.3 Hexes
 + Level 7.3 Summonings
 + Level 7.3 Necromancy
 + Level 7.3 Translocations
 + Level 7.3 Fire Magic
 + Level 10.2 Ice Magic
 + Level 7.3 Air Magic
 + Level 7.3 Earth Magic
 + Level 7.3 Alchemy
 + Level 9.6 Invocations
 + Level 8.8 Evocations
 + Level 8.0 Shapeshifting


You had 7 spell levels left.
You knew the following spells:

 Your Spells              Type           Power      Damage    Failure   Level
a - Sandblast             Erth           90%        2d19      1%          1
b - Frozen Ramparts       Ice            100%       1d16      1%          3
c - Ozocubu's Armour      Ice            56%        N/A       1%          3
d - Summon Ice Beast      Ice/Summ       51%        N/A       1%          3
e - Mercury Vapours       Alch/Air       90%        N/A       1%          2
f - Freezing Cloud        Conj/Ice/Air   24%        6-21      1%          5
g - Swiftness             Air            45%        N/A       1%          3
h - Iskenderun's Battles  Conj           45%        2d10      1%          5

Your spell library contained the following spells:

 Spells                   Type           Power      Damage    Failure   Level
 Eringya's Noxious Bog    Alch           22%        4d6       6%          6
 Freeze                   Ice            100%       1d10      1%          1
 Call Imp                 Summ           90%        N/A       1%          2
 Lesser Beckoning         Tloc           90%        N/A       1%          2
 Static Discharge         Conj/Air       90%        3-7/arc   1%          2
 Dazzling Flash           Conj/Hex       90%        N/A       1%          3
 Gell's Gravitas          Tloc           45%        N/A       1%          3
 Mephitic Cloud           Conj/Alch/Air  45%        N/A       1%          3
 Teleport Other           Tloc           45%        N/A       1%          3
 Volatile Blastmotes      Fire/Tloc      90%        2d17      1%          3
 Animate Armour           Summ/Erth      90%        N/A       1%          4
 Brom's Barrelling Bould  Conj/Erth      45%        2d6       1%          4
 Leda's Liquefaction      Alch/Erth      22%        N/A       1%          4
 Petrify                  Alch/Erth      45%        N/A       1%          4
 Metabolic Englaciation   Hex/Ice        25%        N/A       2%          5
 Curse of Agony           Necr           45%        N/A       4%          5
 Silence                  Hex/Air        22%        N/A       4%          5
 Sculpt Simulacrum        Ice/Alch       25%        N/A       13%         6
 Summon Hydra             Summ           22%        N/A       75%         7
 Maxwell's Capacitive Co  Air            22%        ∞         86%         8
 Sublimation of Blood     Necr           Unusable   N/A       N/A         2

Dungeon Overview and Level Annotations

Branches:
Dungeon (11/15)            Temple (0/1) D:7            Lair (4/5) D:11
 Shoals (0/4) Lair:2       Spider (0/4) Lair:2          Orc (0/2) D:9
  Slime: Lair:4-5

Altars:
Cheibriados
Elyvilon
Fedhas
Hepliaklqana
Nemelex Xobeh
Ru
Uskayaw
Vehumet
Xom
Yredelemnul
Zin

Shops:
D:3 !   D:6 (

Annotations:
D:11 2 runed translucent doors, Newt's ghost, journeyman BaFi


Innate Abilities, Weirdness & Mutations

You are a living statue of rough stone.
Your actions are slow, but your melee attacks are powerful.
You are resistant to unholy torment.
Your maximum health is decreased, since you lack skill for your form.
Your equipment is partially melded.
You are immune to poison.
You have very sharp teeth.
Your uncanny sense of smell can sniff out nearby items.
Your experience applies equally to all skills.


Message History

You miss the black mamba. Your bite misses the black mamba.
The black mamba is severely wounded.
The black mamba barely misses you. x2
You closely miss the black mamba.
You bite the black mamba, but do no damage.
The black mamba is severely wounded.
The black mamba barely misses you.
You completely miss the black mamba.
The black mamba is severely wounded.
The black mamba bites you but does no damage. x2
You slash the black mamba!
You kill the black mamba!
Vehumet accepts your kill.
You see here a black mamba corpse.
h - 6 scrolls of teleportation (gained 1)
Found a stone staircase leading down.
Z - a scroll of identify
As you read the scroll of identify, it crumbles to dust.
j - 4 scrolls of immolation A rime drake is nearby!
Casting: Freezing Cloud (quite dangerous; 1% risk of failure)
Confirm with . or Enter, or press ? or * to list all spells.
Okay, then.
The rime drake hisses angrily.
A komodo dragon comes into view.
The blast of sand hits the rime drake!
The rime drake is heavily wounded.
The komodo dragon hisses angrily.
The rime drake breathes ice at you. The icy flash freeze hits you!
Ouch! That really hurt!
You are encased in ice.
You block the rime drake's attack.
You feel better. The ice encasing you melts away.
The rime drake bites you but does no damage.
The rime drake breathes ice at you. The icy flash freeze hits you!!
Ouch! That really hurt!
You die...

##..........................
##.......................... ###
#...........................
#.#####..................#.......
.#.#..#........P..........#......
..................#.....#.#......
..........#...#..###.............
.....†...........P#....##........
...........#.PlkI.....######..#.#
.................##P..#.#PP...P.#
..[............####.........>...#
.........<..... ##............#
............... ##.....#.#.#..
..........#.#.# ###########.#
#.......###### #... #......##
##.# #.#....# ###


You could see a komodo dragon and a rime drake (catching breath).

Vanquished Creatures
  Nessos (Lair:4)
  Harold (D:9)
  A hydra (Lair:1)
  2 two-headed ogres
  An oklob plant (Lair:2)
  An ugly thing (D:11)
  Maurice (D:9)
  A manticore (D:10)
  4 black mambas
  Maggie (D:10)
  An unseen horror (D:11)
  A torpor snail (Lair:1)
  8 cane toads
  2 rime drakes (Lair:4)
  A freezing wraith (D:10)
  3 komodo dragons
  Psyche (D:8)
  A merfolk (Lair:2)
  A queen bee (D:9)
  A troll (D:10)
  4 polar bears
  A hornet (D:8)
  14 blink frogs
  7 jumping spiders (Lair:2)
  Sigmund (D:2)
  A spriggan (D:10)
  2 wraiths (D:11)
  A vampire (D:9)
  2 wyverns
  41 yaks
  A redback (Lair:2)
  5 basilisks
  A steam dragon (D:8)
  An acid dragon (D:8)
  12 water moccasins
  3 ice beasts
  2 sky beasts
  7 black bears
  2 orc warriors
  12 wolves
  3 ogres
  2 centaurs
  16 bullfrogs
  A kobold brigand (D:10)
  A gnoll sergeant (D:10)
  3 scorpions
  21 killer bees
  3 electric eels
  A howler monkey (D:8)
  2 bombardier beetles
  2 hounds
  7 orc priests
  2 gnoll boudas
  3 jellies
  2 sleepcaps
  5 iguanas (D:5)
  Natasha (twice) (D:2)
  11 orc wizards
  Terence (D:2)
  19 gnolls
  6 adders
  4 shadow imps
  A white imp (D:7)
  2 ribbon worms
  2 dart slugs
  44 orcs
  8 ball pythons
  9 endoplasms
  2 giant cockroaches (D:1)
  7 goblins
  10 hobgoblins
  12 jackals
  3 quokkas
  11 bats
  4 frilled lizards
  7 kobolds
  5 rats
398 creatures vanquished.

Vanquished Creatures (collateral kills)
  An orc warrior (D:9)
  2 killer bees
  2 howler monkeys (D:8)
  A gnoll (D:4)
  3 orcs (D:8)
9 creatures vanquished.

Grand Total: 407 creatures vanquished

Notes
Turn   | Place    | Note
-------+----------+-------------------------------------------
     0 | D:1      | AlmostDecent the Gnoll Ice Elementalist began the quest for
                  | the Orb.
     0 | D:1      | Reached XP level 1. HP: 13/13 MP: 6/6
   123 | D:1      | Reached XP level 2. HP: 17/19 MP: 4/7
   422 | D:1      | Reached skill level 5 in Spellcasting
   422 | D:1      | Reached XP level 3. HP: 23/25 MP: 4/9
   624 | D:1      | Reached skill level 1 in Invocations
   916 | D:1      | Found a faded altar of an unknown god.
   977 | D:1      | Learned a level 3 spell: Frozen Ramparts
   981 | D:1      | Learned a level 3 spell: Ozocubu's Armour
   985 | D:1      | Learned a level 3 spell: Summon Ice Beast
  1180 | D:2      | Reached skill level 1 in Fighting
  1180 | D:2      | Reached skill level 1 in Short Blades
  1180 | D:2      | Reached skill level 1 in Long Blades
  1180 | D:2      | Reached skill level 1 in Axes
  1180 | D:2      | Reached skill level 1 in Maces & Flails
  1180 | D:2      | Reached skill level 1 in Polearms
  1180 | D:2      | Reached skill level 1 in Staves
  1180 | D:2      | Reached skill level 1 in Ranged Weapons
  1180 | D:2      | Reached skill level 1 in Throwing
  1180 | D:2      | Reached skill level 1 in Armour
  1180 | D:2      | Reached skill level 1 in Shields
  1180 | D:2      | Reached skill level 1 in Unarmed Combat
  1180 | D:2      | Reached skill level 1 in Evocations
  1555 | D:2      | Noticed Terence
  1565 | D:2      | Killed Terence
  1566 | D:2      | Reached skill level 1 in Shapeshifting
  1566 | D:2      | Reached XP level 4. HP: 32/32 MP: 7/11
  1615 | D:2      | Reached skill level 1 in Conjurations
  1615 | D:2      | Reached skill level 1 in Hexes
  1615 | D:2      | Reached skill level 1 in Summonings
  1615 | D:2      | Reached skill level 1 in Necromancy
  1615 | D:2      | Reached skill level 1 in Translocations
  1615 | D:2      | Reached skill level 1 in Fire Magic
  1615 | D:2      | Reached skill level 1 in Air Magic
  1615 | D:2      | Reached skill level 1 in Earth Magic
  1615 | D:2      | Reached skill level 1 in Alchemy
  1649 | D:2      | Noticed Natasha
  1653 | D:2      | Killed Natasha
  1660 | D:2      | Identified the +10 mace of Omoirocan {elec, +Blink rC+}
  1817 | D:2      | Reached XP level 5. HP: 37/37 MP: 10/12
  1954 | D:2      | Noticed Sigmund
  1960 | D:2      | Killed Sigmund
  1961 | D:2      | Reached skill level 5 in Dodging
  1961 | D:2      | Reached XP level 6. HP: 44/44 MP: 3/14
  2170 | D:2      | Noticed Natasha
  2184 | D:2      | Killed Natasha
  2537 | D:3      | Found a snail-covered altar of Cheibriados.
  2569 | D:3      | Found Qihemu Wuloa's Distillery.
  2581 | D:3      | Bought a potion of heal wounds for 50 gold pieces
  3067 | D:4      | Reached XP level 7. HP: 29/51 MP: 10/15
  3418 | D:4      | Reached skill level 5 in Stealth
  3865 | D:4      | Found a radiant altar of Vehumet.
  3871 | D:4      | Found a glowing silver altar of Zin.
  3877 | D:4      | Became a worshipper of Vehumet
  3886 | D:4      | Found a hide-covered altar of Uskayaw.
  4004 | D:5      | Entered Level 5 of the Dungeon
  4143 | D:5      | Reached XP level 8. HP: 48/58 MP: 11/16
  4613 | D:5      | Found a hazy altar of Hepliaklqana.
  4841 | D:5      | Found a sparkling altar of Nemelex Xobeh.
  5483 | D:6      | Found Gupnegg's Antique Weapon Shoppe.
  5502 | D:6      | Reached * piety under Vehumet
  5502 | D:6      | Offered knowledge of Sting by Vehumet.
  5503 | D:6      | Reached XP level 9. HP: 57/65 MP: 12/18
  6304 | D:7      | Found a staircase to the Ecumenical Temple.
  6997 | D:6      | Bought a brightly glowing hand axe for 232 gold pieces
  6997 | D:6      | Identified the +11 hand axe of Midnight {speed, Int+3} (You
                  | bought it in a shop on level 6 of the Dungeon)
  7052 | D:8      | Identified the +0 robe of Tartarus {rElec rPois}
  7108 | D:8      | Noticed a hornet
  7118 | D:8      | Killed a hornet
  7119 | D:8      | Reached skill level 5 in Invocations
  7330 | D:8      | Found a blossoming altar of Fedhas.
  7332 | D:8      | Found a hazy altar of Hepliaklqana.
  7332 | D:8      | Found a basalt altar of Yredelemnul.
  7334 | D:8      | Found a sacrificial altar of Ru.
  7334 | D:8      | Found a shimmering altar of Xom.
  7334 | D:8      | Found a blossoming altar of Fedhas.
  7437 | D:8      | Reached skill level 5 in Fighting
  7437 | D:8      | Reached skill level 5 in Short Blades
  7437 | D:8      | Reached skill level 5 in Long Blades
  7437 | D:8      | Reached skill level 5 in Axes
  7437 | D:8      | Reached skill level 5 in Maces & Flails
  7437 | D:8      | Reached skill level 5 in Polearms
  7437 | D:8      | Reached skill level 5 in Staves
  7437 | D:8      | Reached skill level 5 in Ranged Weapons
  7437 | D:8      | Reached skill level 5 in Throwing
  7437 | D:8      | Reached skill level 5 in Armour
  7437 | D:8      | Reached skill level 5 in Shields
  7437 | D:8      | Reached skill level 5 in Unarmed Combat
  7437 | D:8      | Reached skill level 5 in Evocations
  7437 | D:8      | Reached XP level 10. HP: 71/74 MP: 14/20
  7441 | D:8      | Offered knowledge of Mercury Vapours by Vehumet.
  7451 | D:8      | Learned a level 2 spell: Mercury Vapours
  7558 | D:8      | Reached ** piety under Vehumet
  7629 | D:8      | Noticed Psyche
  7649 | D:8      | Killed Psyche
  8044 | D:9      | Noticed Harold
  8056 | D:9      | Killed Harold
  8057 | D:9      | Reached skill level 5 in Shapeshifting
  8175 | D:9      | Noticed Maurice
  8178 | D:9      | Identified 2 scrolls of acquirement
  8179 | D:9      | Acquired 760 gold pieces
  8181 | D:9      | Acquired the Meditations on the Charged Lithosphere
  8189 | D:9      | Learned a level 5 spell: Freezing Cloud
  8193 | D:9      | Learned a level 3 spell: Swiftness
  8200 | D:9      | Killed Maurice
  8342 | D:9      | Found a staircase to the Orcish Mines.
  8359 | D:9      | Offered knowledge of Stone Arrow by Vehumet.
  8415 | D:9      | Reached *** piety under Vehumet
  8737 | D:9      | Noticed a two-headed ogre
  8745 | D:9      | Killed a two-headed ogre
  8759 | D:9      | Offered knowledge of Iskenderun's Mystic Blast by Vehumet.
  8967 | D:9      | Found a white marble altar of Elyvilon.
  9023 | D:9      | Reached skill level 5 in Conjurations
  9023 | D:9      | Reached skill level 5 in Hexes
  9023 | D:9      | Reached skill level 5 in Summonings
  9023 | D:9      | Reached skill level 5 in Necromancy
  9023 | D:9      | Reached skill level 5 in Translocations
  9023 | D:9      | Reached skill level 5 in Fire Magic
  9023 | D:9      | Reached skill level 5 in Air Magic
  9023 | D:9      | Reached skill level 5 in Earth Magic
  9023 | D:9      | Reached skill level 5 in Alchemy
  9025 | D:9      | Reached XP level 11. HP: 78/81 MP: 19/22
  9386 | D:10     | Entered Level 10 of the Dungeon
  9390 | D:10     | Reached **** piety under Vehumet
  9533 | D:10     | Offered knowledge of Volatile Blastmotes by Vehumet.
  9924 | D:10     | Learned a level 3 spell: Volatile Blastmotes
  9978 | D:10     | Noticed a two-headed ogre
  9998 | D:10     | Killed a two-headed ogre
 10736 | D:10     | Noticed Maggie
 10743 | D:10     | Killed Maggie
 10771 | D:10     | Noticed a manticore
 10784 | D:10     | Killed a manticore
 11164 | D:11     | Found a runed translucent door.
 11171 | D:11     | Noticed a tengu warrior
 11172 | D:11     | Noticed a fire dragon
 11173 | D:11     | Found a runed translucent door.
 11174 | D:11     | Noticed a flayed ghost
 11363 | D:11     | Reached ***** piety under Vehumet
 11388 | D:11     | Offered knowledge of Iskenderun's Battlesphere by Vehumet.
 11512 | D:11     | Found a staircase to the Lair.
 11568 | D:11     | Noticed a necromancer
 11572 | D:11     | Noticed a lich
 11573 | D:11     | Noticed Newt's ghost (journeyman BaFi)
 11574 | D:11     | Noticed a skeletal warrior
 11642 | D:11     | Noticed a white ugly thing
 11650 | D:11     | Killed a white ugly thing
 12141 | D:11     | Noticed a skeletal warrior
 12202 | Lair:1   | Entered Level 1 of the Lair of Beasts
 12238 | Lair:1   | Learned a level 5 spell: Iskenderun's Battlesphere
 12259 | Lair:1   | Reached XP level 12. HP: 91/91 MP: 13/24
 13001 | Lair:1   | Noticed a six-headed hydra
 13003 | Lair:1   | Killed a six-headed hydra
 13543 | Lair:2   | Found a hole to the Spider Nest.
 13571 | Lair:2   | Offered knowledge of Eringya's Noxious Bog by Vehumet.
 14429 | Lair:2   | Reached XP level 13. HP: 97/98 MP: 26/26
 14561 | Lair:2   | HP: 4/98 [merfolk/+0 trident (19)]
 14791 | Lair:2   | Found a staircase to the Shoals.
 15074 | Lair:3   | Reached skill level 10 in Ice Magic
 16120 | Lair:4   | Noticed Nessos
 16129 | Lair:4   | Killed Nessos
 16130 | Lair:4   | Reached skill level 10 in Spellcasting
 16189 | Lair:4   | Learned a level 1 spell: Sandblast
 16875 | Lair:4   | Killed from afar by a rime drake

Illustrated notes

Levels and vault maps discovered:
D:1:      saegor_arrival_simple_a, layout_basic, basic_ecumenical_altar,
          minmay_tall_x
D:2:      layout_basic, uniq_sigmund, uniq_terence, uniq_natasha
D:3:      layout_basic, lemuel_doored_altar, serial_shops,
          nicolae_shop_tiny_glass, reono_crystal_passage
D:4:      layout_loops_ring, minmay_overflow_temple_star_quad
D:5:      layout_basic, nicolae_overflow_hidden_temple,
          mainiacjoe_overflow_24_doors
D:6:      layout_loops_ring, nicolae_take_the_stairs
D:7:      layout_basic, minmay_temple_entry_glassed_door,
          serial_library_hellmonk_hallway_b
D:8:      layout_layer_cave, doesnt_xom_only_xom, uniq_psyche
D:9:      layout_loops_ring, kennysheep_mini_moat, hiddenorc2_lemuel,
          nicolae_looking_at_the_future, uniq_harold, uniq_maurice
D:10:     layout_stronghold, st_stairs_3, the_hattery, uniq_maggie
D:11:     layout_stronghold, lair_entry_dummy, serial_column_ruins,
          column_ruins_hut, column_ruins_open_small, column_ruins_open_medium,
          column_ruins_open_tiny, column_ruins_corridor_straight,
          muffindrake_ghost_dual_entry
Lair:1:   hellmonk_ruined_rings, layout_long_grid, pdpol_lair_cavern_descent
Lair:2:   wander_river, layout_regular_city, mainiacjoe_shoals_entry_four_pools,
          nicolae_spider_entry_tight_spaces, beast_lair_carwin_4
Lair:3:   layout_gridlike
Lair:4:   layout_gridlike, hibernation_bobbens, uniq_nessos, uniq_urug

Skill      XL: |  1  2  3  4  5  6  7  8  9 10 11 12 13 |
---------------+----------------------------------------+-----
Spellcasting   | 5 6 7 8 9 10 | 10.1
Invocations    | 1 2 3 4 5 6 7 8 9 |  9.6
Fighting       | 1 2 3 5 6 7 8 |  8.8
Short Blades   | 1 2 3 5 6 7 8 |  8.8
Long Blades    | 1 2 3 5 6 7 8 |  8.8
Axes           | 1 2 3 5 6 7 8 |  8.8
Maces & Flails | 1 2 3 5 6 7 8 |  8.8
Polearms       | 1 2 3 5 6 7 8 |  8.8
Staves         | 1 2 3 5 6 7 8 |  8.8
Ranged Weapons | 1 2 3 5 6 7 8 |  8.8
Throwing       | 1 2 3 5 6 7 8 |  8.8
Armour         | 1 2 3 5 6 7 8 |  8.8
Shields        | 1 2 3 5 6 7 8 |  8.8
Unarmed Combat | 1 2 3 5 6 7 8 |  8.8
Evocations     | 1 2 3 5 6 7 8 |  8.8
Shapeshifting  | 1 2 3 4 5 6 7 8 |  8.0
Conjurations   | 1 2 3 4 5 6 7 |  7.3
Hexes          | 1 2 3 4 5 6 7 |  7.3
Summonings     | 1 2 3 4 5 6 7 |  7.3
Necromancy     | 1 2 3 4 5 6 7 |  7.3
Translocations | 1 2 3 4 5 6 7 |  7.3
Fire Magic     | 1 2 3 4 5 6 7 |  7.3
Air Magic      | 1 2 3 4 5 6 7 |  7.3
Earth Magic    | 1 2 3 4 5 6 7 |  7.3
Alchemy        | 1 2 3 4 5 6 7 |  7.3
Dodging        | 5 6 7 8 9 |  9.9
Stealth        | 5 6 7 8 9 |  9.8
Ice Magic      | 8 9 10 | 10.2

Action                     |  1- 3 |  4- 6 |  7- 9 | 10-12 | 13-15 || total
---------------------------+-------+-------+-------+-------+-------++-------
  Melee: Short sword       |    18 |       |       |       |       ||    18
         Falchion          |     4 |     1 |       |       |       ||     5
         Bite              |     1 |     4 |    14 |    32 |    18 ||    69
         Mace              |       |    26 |   111 |       |     2 ||   139
         Hand axe          |       |       |    26 |   323 |    18 ||   367
         Long sword        |       |       |       |    14 |   100 ||   114
   Cast: Freeze            |    60 |    29 |    40 |       |       ||   129
         Frozen Ramparts   |     2 |     2 |    11 |    27 |     7 ||    49
         Summon Ice Beast  |       |     1 |     3 |     7 |     1 ||    12
         Ozocubu's Armour  |       |     1 |     3 |     6 |       ||    10
         Freezing Cloud    |       |       |       |    71 |    33 ||   104
         Volatile Blastmot |       |       |       |     3 |       ||     3
         Swiftness         |       |       |       |     1 |       ||     1
         Sandblast         |       |       |       |       |     9 ||     9
    Use: Scroll            |       |       |     7 |    14 |     3 ||    24
         Potion            |       |       |     1 |       |     4 ||     5
   Stab: Sleeping          |       |     1 |     5 |       |       ||     6
         Distracted        |       |       |       |     1 |       ||     1
 Armour: Robe              |    39 |    19 |   100 |    90 |       ||   248
         Steam dragon scal |       |       |       |    88 |    71 ||   159
         Troll leather arm |       |       |       |     1 |       ||     1
         Skin              |       |       |       |       |    20 ||    20
  Dodge: Dodged            |    77 |    23 |    99 |   140 |    95 ||   434
  Block: Buckler           |     5 |     9 |    34 |    64 |    33 ||   145
   Form: Beast             |       |     1 |       |       |       ||     1
                           |       |       |       |     1 |       ||     1
         Statue            |       |       |       |       |     1 ||     1

Table legend: (Time is in decaauts)
 A = Elapsed time spent in this place.
 B = Non-inter-level travel time spent in this place.
 C = Inter-level travel time spent in this place.
 D = Time resting spent in this place.
 E = Time spent auto-exploring this place.
 F = Levels seen in this place.
 G = Mean time per level.
                   A        B        C        D        E       F      G
               +--------+--------+--------+--------+--------+-----+--------+
         Total |  16988 |  16368 |    620 |    347 |  12988 |  15 | 1132.5 |
       Dungeon |  12197 |  11655 |    542 |    102 |   9348 |  11 | 1108.8 |
          Lair |   4791 |   4714 |     77 |    245 |   3640 |   4 | 1197.8 |
               +--------+--------+--------+--------+--------+-----+--------+

Top non-repeatable levels by time:
  Lair:2: 1751 daAuts
    D:10: 1629 daAuts
     D:9: 1329 daAuts
     D:2: 1231 daAuts
     D:5: 1227 daAuts
     D:1: 1170 daAuts
    D:11: 1159 daAuts
     D:7: 1158 daAuts
  Lair:3: 1116 daAuts
     D:4: 1031 daAuts
  Lair:1: 1015 daAuts
     D:8: 969 daAuts
  Lair:4: 907 daAuts
     D:6: 678 daAuts
     D:3: 611 daAuts
